 Dungeon Crawl Stone Soup version 0.20.0 (webtiles) character file.

176602 Eucla the Brawler (level 17, -8/139 HPs)
             Began as a Troll Monk on May 31, 2017.
             Was the Champion of Makhleb.
             Mangled by a spark wasp (11 damage)
             ... on level 3 of the Spider Nest.
             The game lasted 00:56:17 (26319 turns).

Eucla the Brawler (Troll Monk)                     Turns: 26319, Time: 00:56:18

Health: -8/139     AC: 36    Str: 22 (23) XL:     17   Next: 51%
Magic:  0/27       EV:  7    Int:  6      God:    Makhleb [******]
Gold:   2572       SH:  0    Dex: 16 (17) Spells: 16/16 levels left

rFire    + . .     SeeInvis .     - Unarmed
rCold    + . .     Gourm    +   (no shield)
rNeg     + . .     Faith    .   g - +7 gold dragon scales
rPois    +         Spirit   +   p - +0 hat {MR+}
rElec    .         Reflect  .   L - scarf {Spirit}
rCorr    .         Harm     .   (gloves unavailable)
MR       +++..                  (boots unavailable)
Stlth    ..........             G - amulet of magic regeneration
Regen    0.8/turn               r - +6 ring of protection
MPRegen  0.3/turn               J - ring "Vokifur" {rPois rN+ EV+3}

@: very slightly contaminated
A: unfitting armour, claws 3, iridescent scales 1, deterioration 1, fast
metabolism 3, gourmand, magic resistance 1, regeneration 1, shaggy fur 1, tough
skin 2, no potion heal 1, subdued magic 1, MP-powered wands
a: Minor Destruction, Lesser Servant of Makhleb, Major Destruction, Greater
Servant of Makhleb, Renounce Religion


You were on level 3 of the Spider Nest.
You worshipped Makhleb.
Makhleb was exalted by your worship.
You were not hungry.

You visited 5 branches of the dungeon, and saw 27 of its levels.
You also visited: Labyrinth, Sewer, Ossuary and Ice Cave.

You collected 2793 gold pieces.
You spent 221 gold pieces at shops.

Inventory:

Missiles
 v - 5 silver javelins
 y - 20 large rocks (quivered)
 D - a throwing net
 M - 14 exploding tomahawks
Armour
 g - +7 gold dragon scales (worn)
 i - a +0 shield
 p - a +0 hat of magic resistance (worn)
 z - a +1 cloak
 L - a scarf of spirit shield (worn)
Jewellery
 r - a +6 ring of protection (left claw)
 G - an amulet of magic regeneration (around neck)
 J - the ring "Vokifur" (right claw) {rPois rN+ EV+3}
   (You took it off a centaur warrior on level 11 of the Dungeon)

   [ring of evasion]

   It affects your evasion (+3).
   It protects you from poison.
   It protects you from negative energy.
 K - the ring "Suhoc" {Ice Slay+2 Stlth+}
   (You took it off a minotaur in a labyrinth)

   [ring of ice]

   It enhances your ice magic.
   It affects your accuracy and damage with ranged weapons and melee attacks
   (+2).
   It makes you vulnerable to fire.
   It protects you from cold.
   It makes you more stealthy.
 R - the ring "Foogg" {Int+3 Dex+2 SInv}
   (You took it off an orc knight on level 11 of the Dungeon)

   [ring of see invisible]

   It affects your intelligence (+3).
   It affects your dexterity (+2).
   It lets you see invisible.
Wands
 j - a wand of acid (6/15)
 l - a wand of digging (16/24)
 B - a wand of lightning (5/15)
 N - a wand of iceblast (4/15)
 Z - a wand of iceblast (3/15)
Scrolls
 c - 10 scrolls of remove curse
 d - 3 scrolls of teleportation
 e - 3 scrolls of recharging
 h - 8 scrolls of amnesia
 k - 5 scrolls of fear
 m - 6 scrolls of magic mapping
 t - 5 scrolls of fog
 F - a scroll of enchant weapon
 H - 3 scrolls of identify
Potions
 a - 3 potions of berserk rage
 f - 5 potions of resistance
 n - 10 potions of brilliance
 o - a potion of heal wounds
 q - a potion of might
 s - 7 potions of flight
 u - 8 potions of curing
 A - 5 potions of agility
 E - 4 potions of invisibility
 V - 4 potions of lignification
 W - 3 potions of cancellation
Miscellaneous
 Q - a fan of gales
 S - a phial of floods
 T - a box of beasts
Comestibles
 b - 16 bread rations
 x - 8 meat rations


   Skills:
 - Level 2.4 Fighting
 + Level 12.2 Armour
 - Level 3.9 Dodging
 - Level 1.0 Stealth
 + Level 19.7 Unarmed Combat
 + Level 14.9 Invocations
 - Level 2.5 Evocations


You had 16 spell levels left.
You didn't know any spells.

Dungeon Overview and Level Annotations

Branches:
Dungeon (15/15)            Temple (1/1) D:5            Lair (6/6) D:9
 Shoals (0/4) Lair:2       Spider (3/4) Lair:3        Slime (0/5) Lair:5
    Orc (2/2) D:11            Elf (0/3) Orc:2        Vaults (0/5) D:14
 Depths (0/5) D:15

Altars:
Ashenzari
Cheibriados
Dithmenos
Elyvilon
Fedhas
Gozag
Hepliaklqana
Kikubaaqudgha
Makhleb
Nemelex Xobeh
Okawaru
Qazlal
Ru
Sif Muna
Trog
Uskayaw
Vehumet
Xom
Yredelemnul
Zin
The Shining One
Beogh

Shops:
D:6 *   D:7 [*![(   D:9 (}   Orc:2 (*[[

Annotations:
Lair:5 exclusion: 2 oklob plants
Lair:6 exclusion: oklob plant
Spider:3 Mara


Innate Abilities, Weirdness & Mutations

You are too large for most types of armour.
You have claws for hands.
Your metabolism is lightning-fast.
You like to eat raw meat.
Your natural rate of healing is unusually fast.
You are covered in fur. (AC +1)
You have very tough skin. (AC +2)
You are partially covered in iridescent scales. (AC +2)
Your body sometimes deteriorates upon taking damage.
You are resistant to hostile enchantments. (MR+)
Potions are less effective at restoring your health.
Your spells are a little easier to cast, but a little less powerful.
You expend magic power (3 MP) to strengthen your wands.


Message History

The wolf spider hits you but does no damage.
The wolf spider bites you but does no damage.
The spark wasp stings you!
* * * LOW HITPOINT WARNING * * *
Your body deteriorates!
You feel weakened. The spark wasp shocks you!
* * * LOW HITPOINT WARNING * * *
Your gold dragon scales prevents you from hitting the spark wasp.
The wolf spider closely misses you.
The wolf spider bites you but does no damage.
The spark wasp stings you but does no damage.
Unknown command.
Your system partially rejects the healing.
You feel much better. The wolf spider hits you.
* * * LOW HITPOINT WARNING * * *
The wolf spider barely misses you. The spark wasp stings you!
* * * LOW HITPOINT WARNING * * *
Your body deteriorates!
You feel clumsy. The spark wasp shocks you!
You die...

#######
##..@..###
#..sy....#
###.......#
.^.......^#
#....#..#...#
###.# #####..
## #..##. ##
##..##
.^.#....#


You could see a spark wasp and a wolf spider.

Vanquished Creatures
  Rupert (D:13)
  Gastronok (Lair:1)
  A tengu reaver (D:15)
  A frost giant (IceCv)
  Aizul (Spider:2)
  An orc warlord (Orc:2)
  3 emperor scorpions
  A stone giant (Orc:2)
  An entropy weaver (Spider:2)
  Azrael (D:13)
  A minotaur (Lab)
  A fire dragon (Lair:6)
  Erolcha (D:13)
  A rakshasa (D:15)
  A vault guard (D:14)
  8 hydras
  2 ice dragons (D:15)
  4 two-headed ogres
  The ghost of Eucla the Black Belt, a journeyman OpMo of Nemelex Xobeh (D:10)
  A death knight (D:14)
  Urug (Lair:2)
  A death yak (IceCv)
  7 orc high priests
  The ghost of Eucla the Martial Artist, a novice DsFi of Cheibriados (D:8)
  Nergalle (D:11)
  A wizard (D:14)
  The ghost of loopi the Grappler, a novice TrBe of Trog (D:13)
  2 unseen horrors (D:14)
  An orc knight (D:11)
  7 orb spiders
  3 cyclopes
  A phantasmal warrior (D:14)
  2 deep elf magi
  3 orc sorcerers
  10 wolf spiders
  9 ugly things
  3 manticores
  8 elephants
  Maurice (D:11)
  4 black mambas
  The ghost of Raine357 the Cleaver, a novice MiGl of Hepliaklqana (D:5)
  3 molten gargoyles (Lair:6)
  An ice statue (IceCv)
  17 spiny frogs
  A yaktaur (shapeshifter) (D:13)
  5 rime drakes
  4 yaktaurs (D:14)
  10 demonic crawlers
  3 kobold demonologists
  A freezing wraith (D:14)
  8 komodo dragons
  2 tengu conjurers
  3 meliai (D:15)
  21 jumping spiders
  7 trolls
  18 polar bears
  3 hornets
  25 blink frogs
  4 slime creatures
  7 hippogriffs
  2 dream sheep (D:8)
  2 vampires
  13 tarantellas
  5 wraiths
  40 redbacks
  52 yaks
  3 shadows
  5 wyverns
  Grum (D:10)
  A water elemental (D:15)
  3 fire elementals (D:13)
  7 vampire mosquitoes
  2 hogs (D:12)
  A steam dragon (D:9)
  2 hungry ghosts
  5 basilisks
  10 wargs (Orc:2)
  3 hell hounds
  4 porcupines
  14 water moccasins
  Duvessa (D:4)
  5 ice beasts
  A hornet zombie (D:8)
  16 orc warriors
  3 black bears
  2 necrophages (D:11)
  2 eyes of draining
  2 phantoms
  3 sky beasts
  16 centaurs
  7 ogres
  35 wolves
  10 big kobolds
  15 crocodiles
  26 bullfrogs
  2 scorpions (D:9)
  Dowan (D:4)
  A water moccasin skeleton (D:11)
  13 killer bees
  20 wights
  4 howler monkeys (D:12)
  An electric eel (D:9)
  5 crimson imps
  A centaur zombie (D:10)
  A bullfrog zombie (D:6)
  3 lava snakes (Lair:6)
  A wyvern simulacrum (D:9)
  5 hounds
  7 jellies
  A quasit (D:11)
  2 centaur skeletons
  40 orc priests
  Crazy Yiuf (D:3)
  3 iguanas
  22 orc wizards
  13 worker ants
  8 gnolls
  19 adders
  A howler monkey skeleton (D:4)
  4 river rats
  4 shadow imps
  A worker ant simulacrum (D:9)
  3 oozes (Sewer)
  2 adder skeletons
  2 adder zombies
  8 worms
  An adder simulacrum (D:9)
  4 leopard geckos
  114 orcs
  6 giant cockroaches
  8 goblins
  7 hobgoblins
  8 jackals
  3 quokkas
  4 ball pythons
  2 bats (D:1)
  7 frilled lizards
  A goblin zombie (D:7)
  A hobgoblin skeleton (Ossuary)
  4 hobgoblin zombies (Ossuary)
  22 kobolds
  A leopard gecko skeleton (D:6)
  2 orc skeletons (Ossuary)
  An orc zombie (Ossuary)
  14 rats
  A rat zombie (D:7)
  A fungus (Lair:3)
974 creatures vanquished.

Vanquished Creatures (collateral kills)
  3 hydras
  Fannar (Lair:2)
  A centaur warrior (D:11)
  A skeletal warrior (D:11)
  A lindwurm (Lair:6)
  A black mamba (Lair:6)
  2 elephants (Lair:2)
  4 komodo dragons (Lair:6)
  A slime creature (D:15)
  A yak (Lair:6)
  3 basilisks
  2 hell hounds (Lair:6)
  A water moccasin (Lair:2)
  A crocodile (Lair:1)
  A bullfrog (Lair:4)
  2 lava snakes (Lair:6)
  5 orc priests (Orc:2)
  10 orcs (Orc:2)
41 creatures vanquished.

Vanquished Creatures (others)
  Kirke (D:12)
  A polar bear (IceCv)
  A yak (IceCv)
  A jelly (D:9)
  A centaur skeleton (D:12)
  An orc wizard (D:12)
  2 orcs
  3 kobolds (D:9)
  A bush (Lair:1)
  8 fungi
  4 plants
24 creatures vanquished.

Grand Total: 1039 creatures vanquished

Notes
Turn   | Place    | Note
-------+----------+-------------------------------------------
     0 | D:1      | Eucla the Troll Monk began the quest for the Orb.
     0 | D:1      | Reached XP level 1. HP: 22/22 MP: 0/0
    64 | D:2      | Reached XP level 2. HP: 28/29 MP: 1/1
    82 | D:2      | Reached skill level 4 in Unarmed Combat
   119 | D:2      | Reached XP level 3. HP: 35/36 MP: 2/2
   146 | D:2      | Found a hazy altar of Hepliaklqana.
   457 | D:3      | Found a runed door.
   601 | D:3      | Reached skill level 5 in Unarmed Combat
   601 | D:3      | Reached XP level 4. HP: 21/44 MP: 3/3
   730 | D:3      | Reached XP level 5. HP: 33/50 MP: 4/4
   833 | D:3      | Found a stormy altar of Qazlal.
   901 | D:3      | Reached skill level 6 in Unarmed Combat
   912 | D:3      | Found a glowing drain.
   926 | Sewer    | Entered a sewer
  1124 | Sewer    | Reached XP level 6. HP: 59/59 MP: 5/5
  1139 | Sewer    | Reached skill level 7 in Unarmed Combat
  1326 | Sewer    | Reached skill level 8 in Unarmed Combat
  1326 | Sewer    | Reached XP level 7. HP: 66/66 MP: 6/6
  1495 | D:3      | Found a bloodstained altar of Trog.
  1613 | D:4      | Reached skill level 9 in Unarmed Combat
  1888 | D:5      | Entered Level 5 of the Dungeon
  1939 | D:5      | Found a staircase to the Ecumenical Temple.
  1941 | D:5      | Noticed Raine357's ghost (novice MiGl)
  1956 | D:5      | Killed Raine357's ghost
  1956 | D:5      | Reached skill level 10 in Unarmed Combat
  1956 | D:5      | Reached XP level 8. HP: 26/74 MP: 7/7
  1961 | Temple   | Entered the Ecumenical Temple
  2073 | Temple   | Became a worshipper of Makhleb the Destroyer
  2073 | Temple   | Reached * piety under Makhleb
  2073 | Temple   | Reached ** piety under Makhleb
  3728 | D:3      | Noticed Crazy Yiuf
  3732 | D:3      | Killed Crazy Yiuf
  3881 | D:4      | Noticed Duvessa
  3881 | D:4      | Noticed Dowan
  3883 | D:4      | Killed Dowan
  3883 | D:4      | Reached skill level 1 in Invocations
  3892 | D:4      | Killed Duvessa
  4371 | D:5      | Found a sacrificial altar of Ru.
  4519 | D:5      | Found a blossoming altar of Fedhas.
  4559 | D:5      | Reached skill level 11 in Unarmed Combat
  5073 | D:6      | Reached XP level 9. HP: 67/80 MP: 10/10
  5074 | D:6      | Reached *** piety under Makhleb
  5290 | D:6      | Found Puebyp's General Store.
  5605 | D:7      | Found Jashrika's Armour Boutique.
  5609 | D:7      | Reached skill level 12 in Unarmed Combat
  5622 | D:7      | Found Siogg's General Store.
  5639 | D:7      | Found Tinowkaill's Distillery.
  5675 | D:7      | Bought a potion of lignification for 39 gold pieces
  5675 | D:7      | Bought a potion of heal wounds for 65 gold pieces
  5675 | D:7      | Bought a potion of curing for 39 gold pieces
  5675 | D:7      | Bought a potion of curing for 39 gold pieces
  5675 | D:7      | Bought a potion of curing for 39 gold pieces
  5781 | D:7      | Found a shattered altar of Ashenzari.
  5809 | D:7      | Found Imoacuf's Armour Shop.
  5822 | D:7      | Found a sand-covered staircase.
  5839 | Ossuary  | Entered an ossuary
  5980 | Ossuary  | Reached **** piety under Makhleb
  6281 | D:7      | Reached skill level 5 in Invocations
  6327 | D:7      | Found Zuxuet's Antique Weapon Shoppe.
  6419 | D:7      | Found an iron altar of Okawaru.
  6504 | D:8      | Reached skill level 13 in Unarmed Combat
  6628 | D:8      | Reached XP level 10. HP: 88/88 MP: 12/12
  6703 | D:8      | Noticed Eucla's ghost (novice DsFi)
  6715 | D:8      | Killed Eucla's ghost
  6896 | D:8      | Found a stormy altar of Qazlal.
  7010 | D:8      | Noticed a two-headed ogre
  7017 | D:8      | Killed a two-headed ogre
  7039 | D:8      | Found a snail-covered altar of Cheibriados.
  7204 | D:8      | Reached skill level 14 in Unarmed Combat
  7213 | D:8      | Reached ***** piety under Makhleb
  7243 | D:8      | Noticed a two-headed hydra
  7276 | D:8      | Killed a two-headed hydra
  7477 | D:9      | Reached XP level 11. HP: 76/94 MP: 7/15
  7559 | D:9      | Found a white marble altar of Elyvilon.
  7931 | D:9      | Reached skill level 15 in Unarmed Combat
  7963 | D:9      | Gained mutation: Scrolls take you a little longer to read. [mutagenic meat]
  7964 | D:9      | Gained mutation: You have sharp toenails. [mutagenic meat]
  7965 | D:9      | Lost mutation: Scrolls take you a little longer to read. [potion of mutation]
  7965 | D:9      | Lost mutation: You have sharp toenails. [potion of mutation]
  7965 | D:9      | Gained mutation: Your system is resistant to poisons. (rPois) [potion of mutation]
  7965 | D:9      | Gained mutation: You have a pair of small horns on your head. [potion of mutation]
  8171 | D:9      | Found Ziazaj's Gadget Shoppe.
  8222 | D:9      | Found Myggail's Antique Weapon Boutique.
  8347 | D:9      | Reached skill level 1 in Armour
  8391 | D:9      | Found a staircase to the Lair.
  8581 | D:9      | Noticed a two-headed ogre
  8590 | D:9      | Killed a two-headed ogre
  8876 | D:10     | Entered Level 10 of the Dungeon
  9237 | D:10     | Noticed Eucla's ghost (journeyman OpMo)
  9254 | D:10     | Killed Eucla's ghost
  9365 | D:10     | Noticed Grum
  9389 | D:10     | Killed Grum
  9787 | D:11     | Found a staircase to the Orcish Mines.
  9814 | D:11     | Reached ****** piety under Makhleb
  9853 | D:11     | Noticed a red ugly thing
  9865 | D:11     | Killed a red ugly thing
 10102 | D:11     | Noticed a centaur warrior
 10108 | D:11     | Noticed a skeletal warrior
 10121 | D:11     | Killed a skeletal warrior
 10124 | D:11     | Killed a centaur warrior
 10128 | D:11     | Got a crude jade ring
 10157 | D:11     | Reached XP level 12. HP: 89/104 MP: 17/17
 10159 | D:11     | Got a steaming bronze ring
 10168 | D:11     | Got a twitching glass ring
 10219 | D:11     | Got a scintillating steel ring
 10221 | D:11     | Identified the ring "Vokifur" {rPois rN+ EV+3} (You took it off a centaur warrior on level 11 of the Dungeon)
 10223 | D:11     | Identified the ring "Beatel" {Dex+4 Stlth-} (You took it off a tengu conjurer on level 11 of the Dungeon)
 10225 | D:11     | Identified the ring of Qelirch {rC- MP+9 Int+6 Dex+3} (You found it on level 11 of the Dungeon)
 10227 | D:11     | Identified the ring "Foogg" {Int+3 Dex+2 SInv} (You took it off an orc knight on level 11 of the Dungeon)
 10239 | D:11     | Lost mutation: You have a pair of small horns on your head. [potion of mutation]
 10239 | D:11     | Lost mutation: Your system is resistant to poisons. (rPois) [potion of mutation]
 10239 | D:11     | Gained mutation: You are weak. (Str -2) [potion of mutation]
 10239 | D:11     | Gained mutation: You possess an exceptional clarity of mind. [potion of mutation]
 10288 | D:11     | Gained mutation: You are partially covered in iridescent scales. (AC +2) [mutagenic meat]
 10289 | D:11     | Gained mutation: Your spells are a little easier to cast, but a little less powerful. [mutagenic meat]
 10290 | D:11     | Gained mutation: You are partially covered in large bone plates. (SH +4) [mutagenic meat]
 10378 | D:11     | Noticed Maurice
 10394 | D:11     | Killed Maurice
 10448 | D:11     | Noticed Nergalle
 10466 | D:11     | Killed Nergalle
 10735 | D:11     | Reached skill level 5 in Armour
 10797 | Lair:1   | Entered Level 1 of the Lair of Beasts
 10967 | Lair:1   | Reached skill level 16 in Unarmed Combat
 11225 | Lair:1   | Noticed Gastronok
 11243 | Lair:1   | Killed Gastronok
 11321 | Lair:1   | Noticed a six-headed hydra
 11325 | Lair:1   | Noticed a cacodemon
 11380 | Lair:1   | Gained mutation: Potions are less effective at restoring your health. [a cacodemon]
 11505 | Lair:1   | Killed a seven-headed hydra
 11505 | Lair:1   | Reached skill level 10 in Invocations
 11611 | Lair:1   | Noticed an eight-headed hydra
 11915 | Lair:1   | Killed a 19-headed hydra
 12379 | Lair:2   | Reached XP level 13. HP: 110/110 MP: 19/19
 12564 | Lair:2   | Noticed Fannar
 12586 | Lair:2   | Killed Fannar
 12718 | Lair:2   | Noticed Urug
 12724 | Lair:2   | Killed Urug
 12725 | Lair:2   | Found a staircase to the Shoals.
 13263 | Lair:3   | Found a hole to the Spider Nest.
 13875 | Lair:4   | Reached skill level 17 in Unarmed Combat
 14476 | Lair:5   | Found a staircase to the Slime Pits.
 14904 | Lair:5   | Found a frozen archway.
 14935 | IceCv    | Entered an ice cave
 14938 | IceCv    | Reached XP level 14. HP: 118/118 MP: 19/21
 15367 | IceCv    | Noticed a frost giant
 15409 | IceCv    | Killed a frost giant
 15449 | IceCv    | Identified the Catalogue of the Glacier
 16306 | Lair:6   | Entered Level 6 of the Lair of Beasts
 16846 | Lair:6   | Found a large runed door.
 16847 | Lair:6   | Found a large runed door.
 17424 | Lair:6   | Reached skill level 18 in Unarmed Combat
 17964 | Orc:1    | Entered Level 1 of the Orcish Mines
 17967 | Orc:1    | Reached skill level 10 in Armour
 18000 | Orc:1    | Gained mutation: Armour fits poorly on your strangely shaped body. [a neqoxec]
 18289 | Orc:2    | Entered Level 2 of the Orcish Mines
 18337 | Orc:2    | Noticed a stone giant
 18463 | Orc:2    | Killed a stone giant
 18676 | Orc:2    | Found a staircase to the Elven Halls.
 18677 | Orc:2    | Noticed an orc warlord
 18701 | Orc:2    | Killed an orc warlord
 18878 | Orc:2    | Reached XP level 15. HP: 124/124 MP: 21/23
 18899 | Orc:2    | Found a bloodstained altar of Trog.
 19202 | Orc:2    | Found Omirij's Armour Emporium.
 19202 | Orc:2    | Found Hieheptu's Antique Armour Boutique.
 19277 | Orc:2    | Found a roughly hewn altar of Beogh.
 19306 | Orc:2    | Found Asicecle's General Store.
 19306 | Orc:2    | Found Ylotyn's Weapon Boutique.
 19782 | D:12     | Found an opulent altar of Gozag.
 19935 | D:12     | Noticed Kirke
 19956 | D:12     | Killed Kirke
 20203 | D:13     | Found a labyrinth entrance.
 20213 | Lab      | Entered a labyrinth
 20597 | Lab      | Got a pitted turquoise ring
 20603 | Lab      | Identified the Grimoire of Beguiling
 20613 | D:13     | Identified the ring "Suhoc" {Ice Slay+2 Stlth+} (You took it off a minotaur in a labyrinth)
 20639 | D:13     | Noticed Rupert
 20652 | D:13     | Killed Rupert
 20695 | D:13     | Noticed loopi's ghost (novice TrBe)
 20711 | D:13     | Killed loopi's ghost
 20716 | D:13     | Noticed Erolcha
 20723 | D:13     | Killed Erolcha
 21067 | D:13     | Noticed Azrael
 21084 | D:13     | Killed Azrael
 21233 | D:13     | Found a white marble altar of Elyvilon.
 22364 | D:14     | Found a gate to the Vaults.
 22424 | D:15     | Entered Level 15 of the Dungeon
 22585 | D:15     | Reached skill level 19 in Unarmed Combat
 22696 | D:15     | Noticed a tengu reaver
 22786 | D:15     | Killed a tengu reaver
 23091 | D:15     | Reached XP level 16. HP: 64/132 MP: 12/25
 23093 | D:15     | Gained mutation: You are partially covered in rugged brown scales. (AC +1, +3% HP) [mutagenic meat]
 23094 | D:15     | Lost mutation: Your spells are a little easier to cast, but a little less powerful. [mutagenic meat]
 23095 | D:15     | Gained mutation: You are somewhat resistant to further mutation. [mutagenic meat]
 23476 | D:15     | Found a burning altar of Makhleb.
 23744 | D:15     | Found a staircase to the Depths.
 24031 | Spider:1 | Entered Level 1 of the Spider Nest
 24067 | Spider:1 | Reached XP level 17. HP: 143/143 MP: 24/26
 24960 | Spider:2 | Noticed Aizul
 24980 | Spider:2 | Killed Aizul
 25288 | Spider:2 | Lost mutation: You are somewhat resistant to further mutation. [potion of mutation]
 25288 | Spider:2 | Lost mutation: You are partially covered in large bone plates. (SH +4) [potion of mutation]
 25288 | Spider:2 | Lost mutation: Armour fits poorly on your strangely shaped body. [potion of mutation]
 25288 | Spider:2 | Gained mutation: You have a pair of small antennae on your head. [potion of mutation]
 25288 | Spider:2 | Gained mutation: You occasionally shout uncontrollably at your foes. [potion of mutation]
 25288 | Spider:2 | Gained mutation: You are partially covered in molten scales. (AC +2) [potion of mutation]
 25442 | Spider:2 | Lost mutation: You are weak. (Str -2) [potion of mutation]
 25442 | Spider:2 | Lost mutation: You have a pair of small antennae on your head. [potion of mutation]
 25442 | Spider:2 | Lost mutation: You possess an exceptional clarity of mind. [potion of mutation]
 25442 | Spider:2 | Lost mutation: You are partially covered in rugged brown scales. (AC +1, +3% HP) [potion of mutation]
 25442 | Spider:2 | Lost mutation: You occasionally shout uncontrollably at your foes. [potion of mutation]
 25442 | Spider:2 | Gained mutation: Armour fits poorly on your strangely shaped body. [potion of mutation]
 25442 | Spider:2 | Gained mutation: You expend magic power (3 MP) to strengthen your wands. [potion of mutation]
 25442 | Spider:2 | Gained mutation: You are agile. (Dex +2) [potion of mutation]
 25592 | Lair:4   | Lost mutation: Armour fits poorly on your strangely shaped body. [potion of mutation]
 25592 | Lair:4   | Lost mutation: You are partially covered in molten scales. (AC +2) [potion of mutation]
 25592 | Lair:4   | Lost mutation: You are agile. (Dex +2) [potion of mutation]
 25592 | Lair:4   | Gained mutation: Your spells are a little easier to cast, but a little less powerful. [potion of mutation]
 25592 | Lair:4   | Gained mutation: Your body sometimes deteriorates upon taking damage. [potion of mutation]
 25592 | Lair:4   | Gained mutation: You are resistant to hostile enchantments. (MR+) [potion of mutation]
 26296 | Spider:3 | Noticed Mara
 26300 | Spider:3 | Noticed Eucla's illusion
 26317 | Spider:3 | HP: 4/139 [spark wasp (15)]
 26319 | Spider:3 | Mangled by a spark wasp

Skill      XL: |  1  2  3  4  5  6  7  8  9 10 11 12 13 14 15 16 17 |
---------------+----------------------------------------------------+-----
Unarmed Combat | 4 5 6 8 10 11 13 14 15 16 17 18 19 | 19.7
Invocations    | 3 5 7 8 10 11 13 14 | 14.9
Armour         | 4 6 8 10 11 12 | 12.2
Dodging        | 3 |  3.9
Evocations     | 2 |  2.5
Fighting       | |  2.4
Stealth        | |  1.0

Action                   |  1- 3 |  4- 6 |  7- 9 | 10-12 | 13-15 | 16-18 || total
-------------------------+-------+-------+-------+-------+-------+-------++-------
Melee: Unarmed           |    69 |   116 |   352 |   731 |  1802 |   565 ||  3635
       Punch             |     1 |     4 |    16 |    32 |   111 |    42 ||   206
       Headbutt          |       |       |       |    58 |       |       ||    58
Invok: Greater Servant o |       |       |       |     5 |     8 |       ||    13
       Lesser Servant of |       |       |       |     2 |     7 |       ||     9
Evoke: Wand              |       |       |       |     5 |       |       ||     5
       Phial of floods   |       |       |       |       |     2 |       ||     2
  Use: Potion            |       |     1 |       |     7 |    10 |     6 ||    24
       Scroll            |       |       |    18 |     8 |    20 |     3 ||    49
 Stab: Sleeping          |     2 |     1 |    12 |     1 |       |       ||    16
       Distracted        |       |       |       |       |     2 |       ||     2
       Held in net/web   |       |       |       |       |       |     3 ||     3
  Eat: Chunk             |     4 |     7 |    49 |    55 |    62 |    20 ||   197
       Royal jelly       |       |       |     1 |       |     5 |    10 ||    16
       Meat ration       |       |       |     1 |       |     2 |       ||     3
       Fruit             |       |       |       |     3 |    20 |       ||    23
Armor: Robe              |    18 |    36 |   140 |    60 |       |       ||   254
       Skin              |       |       |       |     6 |       |       ||     6
       Gold dragon scale |       |       |       |   480 |  1498 |   625 ||  2603
Dodge: Dodged            |    39 |    52 |   106 |   139 |   421 |   219 ||   976
Block: Other             |       |       |       |    51 |   316 |    71 ||   438
